 Dungeon Crawl Stone Soup version 0.31.0-32-g396128a36d (webtiles) character file.

Game seed: 9005293354220001661

17 Zeor the Twirler (level 2, -1/25 HPs)
             Began as a Draconian Gladiator on Apr 12, 2024.
             Succumbed to a goblin's poison
             ... on level 2 of the Dungeon.
             The game lasted 00:02:37 (1230 turns).

Zeor the Twirler (Draconian Gladiator)              Turns: 1230, Time: 00:02:38

Health: -1/25      AC:  4    Str: 16    XL:     2   Next: 44%
Magic:  2/2        EV: 12    Int:  8    God:
Gold:   27         SH:  0    Dex: 12    Spells: 1/1 levels left

rFire   . . .        a - +0 quarterstaff
rCold   + . .        (shield currently unavailable)
rNeg    . . .        (body armour unavailable)
rPois   .            b - +0 hat
rElec   .            (no cloak)
rCorr   .            (no gloves)
SInv    .            (no boots)
Will    +....        (no amulet)
Stlth   +            h - ring of protection from cold
HPRegen 0.24/turn    (no ring)
MPRegen 0.08/turn

%: no passive effects
@: lethally poisoned (-1 -> -9), enlightened, flying
A: AC +4, unfitting armour, cold-blooded
a: no special abilities


You were on level 2 of the Dungeon.
You visited 1 branch of the dungeon, and saw 2 of its levels.

You collected 27 gold pieces.

Inventory:

Hand Weapons
 a - a +0 quarterstaff (weapon)
Missiles
 c - 3 throwing nets (quivered)
 d - a javelin
Armour
 b - a +0 hat (worn)
Jewellery
 h - a ring of protection from cold (left hand)
Talismans
 l - a beast talisman
Wands
 m - a wand of digging (6)
Scrolls
 f - a scroll of teleportation
 k - a scroll of blinking
Potions
 e - 2 potions of haste
 g - a potion of mutation
 j - a potion of invisibility {unknown}
 o - a potion of heal wounds {unknown}


   Skills:
 * Level 2.5 Fighting
 * Level 3.4 Staves
 + Level 1.8 Throwing
 + Level 2.9 Dodging


You had one spell level left.
You didn't know any spells.
Your spell library contained the following spells:

 Spells                   Type           Power      Damage    Failure   Level
 Stone Arrow              Conj/Erth      0%         3d7       78%         3
 Lehudib's Crystal Spear  Conj/Erth      0%         10d2      100%        8
 Animate Armour           Summ/Erth      Unusable   N/A       N/A         4

Dungeon Overview and Level Annotations

Branches:
Dungeon (2/15)

Altars:

Annotations:
D:2 Sigmund


Innate Abilities, Weirdness & Mutations

Your plain brown scales are hard. (AC +4)
You cannot fit into any form of body armour.
You are cold-blooded and may be slowed by cold attacks.


Message History

It is a scroll of identify.
e - 2 potions of haste
As you read the scroll of identify, it crumbles to dust.
g - a potion of mutation You see here a +0 ring mail.
A gnoll comes into view. It is wielding a +0 whip.
A gnoll comes into view.
It is wielding a +0 flail and quivering 2 throwing nets.
The gnoll shouts! x2; You hear a shout!
A gnoll comes into view. It is wielding a +0 club.
You barely miss the gnoll. The gnoll hits you with a +0 whip.
You barely miss the gnoll. The gnoll hits you with a +0 whip.
You hit the gnoll.
The gnoll is moderately wounded.
The gnoll closely misses you. The gnoll hits you with a +0 whip!
* * * LOW HITPOINT WARNING * * *
Okay, then.
Blink to where?
Press: ? - help, Dir - move target
As you read the scroll of blinking, it crumbles to dust.
There is an escape hatch in the floor here.
A goblin comes into view. It is wielding a +2 dagger of venom.
The goblin shouts!
You barely miss the goblin.
The goblin hits you with a +2 dagger of venom.
You are poisoned.
You hit the goblin but do no damage.
You feel very sick. The goblin hits you but does no damage.
You are lethally poisoned!
You hit the goblin.
You kill the goblin!
* * * LOW HITPOINT WARNING * * *
You feel very sick.
* * * LOW HITPOINT WARNING * * *
You feel very sick.
You see here a +2 dagger of venom.
It was a potion of enlightenment.
You feel very buoyant.
You fly up into the air.
You die...

▒▒▒▒ ▒ ▒∙▒∙▒∙∙ ▒
▒∙▒∙▒∙▒ ▒ ▒∙▒∙▒∙▒
▒ ▒∙▒∙▒∙▒ ▒
▒∙▒∙▒∙▒ ▒ ▒∙▒∙▒∙▒
▒
▒∙▒∙▒∙▒▒▒▒▒▒▒▒▒▒▒▒
▒d▒∙∙∙∙∙g∙∙∙∙∙∙∙∙>
▒∙∙∙∙g▒▒▒▒▒▒▒▒▒▒▒▒
▒∙▒▒▒▒▒ ▒ ▒∙▒ ▒▒▒


You could see a gnoll.

Vanquished Creatures
  A dart slug (D:1)
  An endoplasm (D:1)
  2 giant cockroaches (D:1)
  2 goblins
  A hobgoblin (D:1)
  A ball python (D:1)
  4 bats (D:1)
  A frilled lizard (D:1)
  A rat (D:1)
14 creatures vanquished.

Notes
Turn   | Place    | Note
-------+----------+-------------------------------------------
     0 | D:1      | Zeor the Draconian Gladiator began the quest for the Orb.
     0 | D:1      | Reached XP level 1. HP: 17/17 MP: 1/1
   308 | D:1      | Reached XP level 2. HP: 25/25 MP: 2/2
   898 | D:1      | You fall into a shaft and drop 1 floor!
  1164 | D:2      | Noticed Sigmund
  1229 | D:2      | HP: 1/25 [poisoned by a goblin]
  1230 | D:2      | Succumbed to a goblin's poison

Illustrated notes

Levels and vault maps discovered:
D:1:      mainiacjoe_arrival_reflecting_pool, layout_basic, glass_columns_c,
          grunt_decor_one_mirror, minmay_misc_feat_pillars,
          roderic_roman_lattice, chequers_serial_rivers_small_b
D:2:      layout_basic, basic_altar, st_stairs_13, uniq_sigmund

Action                     || total
---------------------------++-------
  Melee: Quarterstaff      ||    52
         Tailslap          ||     3
    Use: Scroll            ||     5
         Potion            ||     1
 Armour: Skin              ||    36
  Dodge: Dodged            ||    29
